 Dungeon Crawl Stone Soup version 0.28-a0-535-g6f645e4c1d (webtiles) character file.

Game seed: 15881153449572946725

434393 Armakuni the Stormcaller (level 22, -14/300 HPs)
             Began as a Pale Draconian Monk on Sept 26, 2021.
             Was a High Priest of Elyvilon.
             Killed from afar by a white draconian knight (22 damage)
             ... with a blast of cold
             ... on level 4 of the Depths.
             The game lasted 02:59:26 (62223 turns).

Armakuni the Stormcaller (Pale Draconian Monk)     Turns: 62223, Time: 02:59:26

Health: -14/300    AC: 21    Str: 29    XL:     22   Next: 90%
Magic:  20/45      EV: 11    Int: 25    God:    Elyvilon [*****.]
Gold:   1838       SH:  0    Dex: 14    Spells: 15/60 levels left

rFire   . . .      SeeInvis .     - Unarmed
rCold   . . .      Faith    .   (shield currently unavailable)
rNeg    . . .      Spirit   .   (armour unavailable)
rPois   +          Reflect  .   (helmet currently unavailable)
rElec   +          Harm     .   (cloak currently unavailable)
rCorr   +          Rampage  .   (gloves currently unavailable)
Will    +++..                   (boots currently unavailable)
Stlth   ++........              M - amulet of regeneration
HPRegen 1.60/turn               I - +6 ring of intelligence
MPRegen 0.29/turn               E - ring of Spite {rElec Will++ rCorr Str+6 Dex-2}

@: dragon-form, weakened, flying, studying Shields
A: dragon claw, dragon scales, flying, boosted hp, breathe steam, AC +11, giant,
unfitting armour, (cold-blooded), steam resistance
}: 2/15 runes: decaying, serpentine
a: Breathe Steam, End Transformation, Renounce Religion, Lesser Healing, Heal
Other, Purification, Greater Healing, Divine Vigour, Divine Protection


You were on level 4 of the Depths.
You worshipped Elyvilon.
Elyvilon was extremely pleased with you.
You were a fearsome steam dragon!
You visited 8 branches of the dungeon, and saw 40 of its levels.
You visited 1 bazaar.
You also visited: Bailey and Gauntlet.

You collected 5625 gold pieces.
You spent 3787 gold pieces at shops.

Inventory:

Missiles
 o - 2 curare-tipped darts
 S - a throwing net
Armour
 i - a +1 hat (melded)
 j - a +2 pair of gloves of strength (melded)
 y - the +1 pair of boots of Depression (melded) {rPois}
   (You bought it in a shop on level 13 of the Dungeon)

   rPois:     It protects you from poison.
 J - a +0 kite shield of reflection
 Q - a scarf of resistance (melded)
 U - a +3 buckler of positive energy (melded)
Jewellery
 E - the ring of Spite (right foreclaw) {rElec Will++ rCorr Str+6 Dex-2}
   (You found it on level 4 of the Vaults)

   [ring of strength]

   Str:       It affects your strength (+6).
   Dex:       It affects your dexterity (-2).
   rElec:     It insulates you from electricity.
   rCorr:     It protects you from acid and corrosion.
   Will:      It greatly increases your willpower.
 H - a ring of see invisible
 I - a +6 ring of intelligence (left foreclaw)
 M - an amulet of regeneration (around neck)
Wands
 h - a wand of polymorph (33)
 k - a wand of digging (28)
 w - a wand of flame (108)
 K - a wand of iceblast (46)
 L - a wand of paralysis (4)
 O - a wand of charming (19)
 R - a wand of acid (4)
 T - a wand of mindburst (15)
Scrolls
 c - 18 scrolls of identify
 d - 3 scrolls of brand weapon
 f - 2 scrolls of summoning
 g - 4 scrolls of vulnerability
 l - 5 scrolls of silence
 n - 5 scrolls of fog
 p - 13 scrolls of noise
 q - 6 scrolls of immolation
 r - 6 scrolls of teleportation
 z - 6 scrolls of enchant weapon
 A - a scroll of enchant armour
 D - 5 scrolls of blinking
 G - 4 scrolls of amnesia
 P - 8 scrolls of fear
 X - a scroll of holy word
Potions
 a - 8 potions of flight
 b - 7 potions of might
 e - 7 potions of attraction
 s - 2 potions of ambrosia
 t - 9 potions of heal wounds
 u - 3 potions of invisibility
 v - 5 potions of brilliance
 B - 19 potions of curing
 C - 3 potions of mutation
 F - 6 potions of haste
 N - 7 potions of lignification
 V - 3 potions of resistance
 W - a potion of cancellation
Miscellaneous
 m - a phantom mirror
 x - a lightning rod (4/4)


   Skills:
 - Level 17.4 Fighting
 - Level 8.3 Dodging
 - Level 1.7 Stealth
 - Level 4.0 Shields
 - Level 17.1 Unarmed Combat
 + Level 19.8 Spellcasting
 - Level 10.0 Translocations
 - Level 16.0 Transmutations
 - Level 20.0 Air Magic
 - Level 16.0 Invocations
 - Level 4.0 Evocations


You had 15 spell levels left.
You knew the following spells:

 Your Spells              Type           Power      Damage    Failure   Level
a - Apportation           Tloc           100%       N/A       1%          1
b - Blink                 Tloc           N/A        N/A       1%          2
c - Maxwell's Capacitive  Air            45%        ∞         3%          8
d - Dragon Form           Tmut           40%        N/A       2%          7
l - Conjure Ball Lightni  Conj/Air       32%        3x3d10    4%          6
m - Manifold Assault      Tloc           65%        N/A       1%          5
n - Ice Form              Ice/Tmut       59%        N/A       1%          4
o - Ozocubu's Armour      Ice            24%        N/A       5%          3
y - Yara's Violent Unrav  Hex/Tmut       29%        3d12      1%          5
z - Airstrike             Air            45%        N/A       0%          4

Your spell library contained the following spells:

 Spells                   Type           Power      Damage    Failure   Level
 Animate Skeleton         Necr           48%        N/A       1%          1
 Pain                     Necr           96%        1d8       1%          1
 Sting                    Tmut/Pois      100%       1d8       1%          1
 Summon Small Mammal      Summ           96%        N/A       1%          1
 Corpse Rot               Necr/Air       N/A        N/A       1%          2
 Poisonous Vapours        Pois/Air       100%       N/A       1%          2
 Static Discharge         Conj/Air       65%        N/A       1%          2
 Gell's Gravitas          Tloc           32%        N/A       1%          3
 Ignite Poison            Fire/Tmut/Pois 51%        N/A       1%          3
 Lesser Beckoning         Tloc           65%        N/A       1%          3
 Mephitic Cloud           Conj/Pois/Air  55%        N/A       1%          3
 Portal Projectile        Hex/Tloc       98%        N/A       1%          3
 Spider Form              Tmut/Pois      29%        N/A       1%          3
 Teleport Other           Tloc           65%        N/A       1%          3
 Passage of Golubria      Tloc           N/A        N/A       1%          4
 Summon Lightning Spire   Summ/Air       65%        N/A       1%          4
 Blade Hands              Tmut           40%        N/A       1%          5
 Lightning Bolt           Conj/Air       32%        1d50      1%          5
 Ensorcelled Hibernation  Hex/Ice        48%        N/A       2%          2
 Scorch                   Fire           48%        2d7       2%          2
 Slow                     Hex            24%        N/A       2%          2
 Confusing Touch          Hex            24%        N/A       5%          3
 Conjure Flame            Conj/Fire      24%        6-21      5%          3
 Frozen Ramparts          Ice            48%        1d6       5%          3
 Inner Flame              Hex/Fire       24%        N/A       5%          3
 Tukima's Dance           Hex            24%        N/A       5%          3
 Vampiric Draining        Necr           12%        2d7       5%          3
 Animate Dead             Necr           12%        N/A       19%         4
 Cause Fear               Hex            12%        N/A       19%         4
 Leda's Liquefaction      Hex/Erth       12%        N/A       19%         4
 Sticky Flame             Conj/Fire      24%        2d5       19%         4
 Summon Ice Beast         Ice/Summ       24%        N/A       19%         4
 Agony                    Necr           24%        N/A       45%         5
 Borgnjor's Vile Clutch   Necr/Erth      12%        N/A       45%         5
 Excruciating Wounds      Necr           12%        N/A       45%         5
 Fireball                 Conj/Fire      12%        3d7       45%         5
 Iskenderun's Battlesphe  Conj           24%        2d8       45%         5
 Metabolic Englaciation   Hex/Ice        12%        N/A       45%         5
 Death Channel            Necr           12%        N/A       95%         6
 Simulacrum               Ice/Necr       12%        N/A       95%         6
 Orb of Destruction       Conj           12%        9d6       100%        7
 Lehudib's Crystal Spear  Conj/Erth      12%        10d4      100%        8
 Chain Lightning          Conj/Air       32%        3d43      100%        9
 Death's Door             Necr           12%        N/A       100%        9
 Dragon's Call            Summ           12%        N/A       100%        9
 Fire Storm               Conj/Fire      12%        8d3       100%        9
 Shatter                  Erth           12%        3d13*     100%        9


Dungeon Overview and Level Annotations

Branches:
Dungeon (15/15)            Temple (1/1) D:5            Lair (6/6) D:10
  Swamp (4/4) Lair:2        Snake (4/4) Lair:2        Slime (0/5) Lair:6
    Orc (2/2) D:12            Elf (0/3) Orc:2        Vaults (4/5) D:13
  Crypt (0/3) Vaults:2     Depths (4/4) D:15            Zot (0/5) Depths:4
 Bailey (visited)         Gauntlet (visited)

Altars:
Ashenzari
Cheibriados
Elyvilon
Gozag
Hepliaklqana
Kikubaaqudgha
Makhleb
Nemelex Xobeh
Okawaru
Qazlal
Ru
Sif Muna
Trog
Vehumet
Wu Jian
Xom
The Shining One

Shops:
D:1 (   D:13 [   D:15 [(   Orc:1 [(*[(   Orc:2 (*:[   Snake:1 (   Vaults:2 !
Vaults:3 :   Depths:1 =:   Depths:3 *

Portals:
Hell: Depths:1 Depths:2 Depths:3
Abyss: Depths:2 Depths:3
Pandemonium: Depths:2
Ziggurat: Depths:1

Annotations:
Swamp:3 exclusion: downstairs


Innate Abilities, Weirdness & Mutations

You are a fearsome steam dragon!
You have a powerful clawing attack.
Your giant scaled body is strong and resiliant, but less evasive.
Your breath weapon is enhanced in this form.
You are flying.
Your maximum health is greatly increased.
Your armour is entirely melded.
You are incapable of wielding weapons or throwing items.
You can breathe blasts of scalding, opaque steam.
Your pale cyan-grey scales are hard. (AC +11)
You cannot fit into any form of body armour.
((You are cold-blooded and may be slowed by cold attacks.))
You are immune to the effects of steam.


Message History

A great orb of eyes comes into view.
The great orb of eyes turns its gaze towards you.
Your ball lightning explodes!
The blast of lightning engulfs the sun demon.
The sun demon resists.
The sun demon is moderately wounded.
The blast of lightning engulfs you. You resist.
The blast of lightning engulfs the deep troll earth mage!
You kill the deep troll earth mage!
The blast of lightning engulfs something!!
The blast of lightning engulfs the red draconian!
You kill the red draconian!
The blast of lightning engulfs the ice dragon.
The ice dragon is moderately wounded.
The blast of lightning engulfs the deep troll!!
The deep troll is almost dead.
The sun demon hits you!
You are engulfed in flames!
You hear a roar.
A blast of cold appears from out of thin air!
The blast of cold hits you!
* * * LOW HITPOINT WARNING * * *
The ice dragon breathes frost at you. The blast of cold hits you!!
* * * LOW HITPOINT WARNING * * *
An iron troll comes into view.
The sun demon hits you!
* * * LOW HITPOINT WARNING * * *
You are engulfed in flames!
* * * LOW HITPOINT WARNING * * *
Something hits you!
* * * LOW HITPOINT WARNING * * *
The soul eater draws from the surrounding life force!
* * * LOW HITPOINT WARNING * * *
The soul eater is healed.
The sun demon barely misses you. Something hits you!!
* * * LOW HITPOINT WARNING * * *
You hear a roar.
A blast of cold appears from out of thin air!
The blast of cold hits you!!
You die...

### #.### ##..###
..##..# ..###.#
.....#### ..##..#.#
### ##
.###....###.#####.#
....###.##....##D#
....###......##.##
............##{##
.....##....†)3T#
...[.....)..)DN#
.......T..).#.##
..........G.).
......#.......
........#.....


You could see an ice dragon, a great orb of eyes, a deep troll (fast) and a sun
demon.

Vanquished Creatures
  Mara (Vaults:4)
  A juggernaut (Depths:3)
  Margery (Vaults:2)
  Frederick (Vaults:1)
  Saint Roka (Vaults:1)
  6 golden dragons
  A hellephant (Depths:1)
  A walking earthen tome (Depths:2)
  2 walking crystal tomes (Depths:2)
  A quicksilver dragon (Snake:1)
  Donald (Vaults:1)
  Frances (D:12)
  A tengu reaver (Depths:2)
  5 sphinxes
  A storm dragon (Depths:2)
  A shadow dragon (Depths:4)
  9 frost giants
  The ghost of sn0wgr3 the Peltast, a journeyman MiFi of Ru (Snake:1)
  7 fire giants
  6 nagarajas
  An iron dragon (Depths:3)
  A draconian knight (Vaults:1)
  3 orc warlords
  A draconian stormcaller (Depths:4)
  The ghost of Ricalo the Brawler, a journeyman TrMo of Qazlal (Lair:5)
  13 vault wardens
  3 ghouls (Swamp:3)
  A spriggan defender (Depths:2)
  2 war gargoyles (Vaults:4)
  13 ironbound preservers
  A draconian annihilator (Depths:4)
  Aizul (Vaults:1)
  A reaper (Depths:2)
  A curse skull (Depths:3)
  19 stone giants
  10 very ugly things
  2 juggernaut skeletons
  2 black draconians (Depths:4)
  Nessos (D:12)
  3 vampire knights
  2 entropy weavers
  A white draconian (Depths:4)
  A red draconian (Depths:4)
  2 yellow draconians (Depths:4)
  8 dire elephants (Vaults:1)
  5 bunyips
  6 spark wasps
  10 eleionomae
  9 ettins
  Josephine (D:13)
  3 jiangshi
  A deep elf high priest (Vaults:4)
  9 fire dragons
  3 shambling mangroves
  4 salamander tyrants
  17 yaktaur captains
  8 ironbound thunderhulks
  11 great orbs of eyes
  2 boulder beetles
  A rakshasa (Depths:2)
  A boulder beetle (shapeshifter) (Depths:2)
  A hell beast (Depths:4)
  A quicksilver dragon skeleton (Depths:3)
  A peacekeeper (Vaults:4)
  An ogre mage (D:15)
  3 catoblepae
  14 naga warriors
  15 anacondas
  10 hydras
  8 vault guards
  5 spriggan air magi
  14 centaur warriors
  6 ice dragons
  11 ironbound frosthearts
  5 two-headed ogres
  13 deep troll shamans
  The ghost of Megustar the Cleaver, a journeyman GrBe of Trog (D:11)
  8 tengu warriors
  3 ghost crabs
  A death knight (D:15)
  20 alligators
  2 death yaks
  8 hell hogs (Depths:1)
  An orc high priest (Orc:2)
  13 spriggan berserkers
  4 hell knights
  3 shock serpents
  13 deep troll earth magi
  2 sun demons
  9 naga sharpshooters
  3 vampire magi
  9 iron trolls
  6 salamander mystics
  23 skeletal warriors
  A sea snake (shapeshifter) (Depths:2)
  47 deep trolls
  5 goliath frogs
  3 sea snakes (Snake:3)
  A storm dragon skeleton (Depths:3)
  3 glowing orange brains
  23 ironbound convokers
  6 spriggan druids
  14 swamp dragons
  8 lindwurms
  15 naga ritualists
  7 wizards
  6 bog bodies
  5 golden dragon skeletons (Depths:3)
  4 harpies (Vaults:1)
  7 necromancers
  4 phantasmal warriors
  10 orc knights
  7 orc sorcerers
  A deep elf pyromancer (D:12)
  18 mana vipers
  35 ugly things
  4 tengu skeletons
  4 oklob plants
  2 manticores
  2 sphinx skeletons (Depths:3)
  4 cyclopes
  A human zombie (Vaults:2)
  5 will-o-the-wisps
  2 fire giant skeletons (Depths:3)
  4 shadow dragon skeletons (Depths:3)
  A moth of wrath (shapeshifter) (Snake:4)
  8 elephants (Lair:6)
  26 salamanders
  2 frost giant skeletons (Depths:3)
  3 iron dragon skeletons (Depths:3)
  12 vault sentinels
  A smoke demon (Depths:2)
  46 black mambas
  7 spectral spriggans (Swamp:3)
  8 guardian serpents
  An orange demon (Depths:2)
  3 cane toads
  3 gargoyles
  4 unseen horrors
  18 naga magi
  A torpor snail (Lair:5)
  3 rime drakes
  2 freezing wraiths
  3 tengu conjurers
  A kobold demonologist (D:14)
  12 komodo dragons
  28 yaktaurs
  An efreet (D:14)
  2 hellwings
  A red devil (Depths:4)
  A burning bush (Lair:5)
  3 meliai (D:14)
  3 bloated husks
  4 polar bears
  10 trolls
  25 hornets
  A shadow dragon simulacrum (Vaults:2)
  12 tyrant leeches
  A blink frog (shapeshifter) (D:14)
  7 blink frogs
  A tengu simulacrum (Vaults:2)
  A spectral guardian serpent (Snake:1)
  26 slime creatures
  5 dream sheep
  A spectral naga (Snake:1)
  2 spectral black mambas (Snake:1)
  A vampire (D:14)
  5 wraiths
  14 flying skulls
  A tarantella (Vaults:3)
  4 wyverns
  An elf skeleton (Vaults:2)
  4 spriggan skeletons
  27 yaks
  32 spriggans
  2 water elementals (D:13)
  A salamander simulacrum (Snake:1)
  A fire bat (D:13)
  3 basilisks
  5 steam dragons
  4 wargs
  27 vampire mosquitoes
  18 swamp worms
  46 nagas
  2 acid dragons
  Edmund (D:4)
  Duvessa (D:5)
  13 water moccasins
  A floating eye (Depths:2)
  4 black bears (Lair:6)
  An ice beast (D:8)
  2 sky beasts
  9 swamp drakes
  32 orc warriors
  9 necrophages
  4 ogres
  2 black mamba simulacra (Snake:1)
  10 boggarts
  3 centaurs
  25 wolves
  A phantom (D:4)
  2 kobold brigands
  10 bullfrogs
  A gnoll sergeant (D:8)
  2 scorpions
  A wyvern zombie (D:7)
  A water moccasin zombie (D:5)
  Dowan (D:5)
  11 killer bees
  8 wights
  2 howler monkeys (D:8)
  10 lava snakes (Snake:2)
  4 centaur zombies
  2 jellies
  11 orc priests
  2 centaur skeletons
  3 hounds
  4 hell rats (Lair:3)
  4 iguanas
  18 orc wizards
  2 lightning spires (Swamp:2)
  10 gnolls
  A river rat (D:13)
  6 adders
  2 naga simulacra (Snake:1)
  2 shadow imps (Gauntlet)
  2 white imps (D:6)
  A worm (D:3)
  2 dart slugs
  53 orcs
  5 endoplasms
  6 giant cockroaches
  6 goblins
  10 hobgoblins
  18 kobolds
  2 quokkas
  3 ball pythons
  8 bats
  2 frilled lizards (D:1)
  6 rats
  2 ball lightnings (Swamp:2)
1591 creatures vanquished.

Vanquished Creatures (collateral kills)
  Rupert (D:15)
  A minotaur (Gauntlet)
  A swamp dragon (Swamp:4)
  A swamp worm (Swamp:2)
  A swamp drake (Swamp:4)
  3 necrophages (Lair:4)
  An orc wizard (D:9)
9 creatures vanquished.

Vanquished Creatures (others)
  A storm dragon (D:14)
  A shambling mangrove (Swamp:4)
  A salamander tyrant (Snake:1)
  A spriggan air mage (Depths:2)
  3 hydras
  2 centaur warriors
  A hell hog (Depths:1)
  A naga sharpshooter (Snake:4)
  A shock serpent (Snake:3)
  A deep elf zephyrmancer (D:14)
  A necromancer (D:14)
  A deep elf pyromancer (D:14)
  A mana viper (shapeshifter) (Depths:4)
  3 ugly things (D:14)
  5 slime creatures (Vaults:1)
  A black mamba (Snake:1)
  A cane toad (Lair:6)
  A komodo dragon (Lair:2)
  A freezing wraith (Swamp:3)
  A meliai (D:14)
  2 bloated husks (Swamp:3)
  A yak (D:11)
  A swamp drake (Swamp:4)
  A bullfrog (Lair:5)
  46 ball lightnings
  12 foxfires
  62 fungi
  104 plants
  4 withered plants (Gauntlet)
262 creatures vanquished.

Grand Total: 1862 creatures vanquished

Notes
Turn   | Place    | Note
-------+----------+-------------------------------------------
     0 | D:1      | Armakuni the Draconian Monk began the quest for the Orb.
     0 | D:1      | Reached XP level 1. HP: 19/19 MP: 1/1
   183 | D:1      | Found Jioxzatoch's Antique Weapon Shop.
   199 | D:1      | Found a faded altar of an unknown god.
   440 | D:1      | Reached XP level 2. HP: 22/26 MP: 2/2
  1156 | D:3      | Reached XP level 3. HP: 33/33 MP: 3/3
  1395 | D:4      | Noticed Edmund
  1734 | D:4      | Reached XP level 4. HP: 40/41 MP: 4/4
  2020 | D:4      | Noticed a necrophage
  2033 | D:4      | Killed a necrophage
  2034 | D:4      | Reached skill level 5 in Fighting
  2034 | D:4      | Reached XP level 5. HP: 37/48 MP: 5/5
  2111 | D:5      | Entered Level 5 of the Dungeon
  2111 | D:5      | Noticed a water moccasin
  2135 | D:4      | Noticed a phantom
  2175 | D:4      | Killed a phantom
  2176 | D:4      | Reached skill level 5 in Unarmed Combat
  2331 | D:4      | Noticed a necrophage
  2346 | D:4      | Killed a necrophage
  2347 | D:4      | Reached XP level 6. HP: 51/57 MP: 6/6
  2624 | D:5      | Noticed Dowan
  3128 | D:5      | Killed a water moccasin
  3129 | D:5      | Your scales start taking on a pale cyan-grey colour.
  3129 | D:5      | Reached XP level 7. HP: 51/64 MP: 7/7
  3129 | D:5      | Gained mutation: You are immune to the effects of steam.
                  | [Pale Draconian growth]
  3307 | D:5      | Reached skill level 1 in Evocations
  3383 | D:5      | Noticed Duvessa
  3405 | D:5      | Killed Dowan
  3417 | D:5      | Killed Duvessa
  3852 | D:5      | Found a staircase to the Ecumenical Temple.
  3866 | Temple   | Entered the Ecumenical Temple
  3874 | Temple   | Became a worshipper of Elyvilon the Healer
  3874 | Temple   | Reached * piety under Elyvilon
  3874 | Temple   | Reached ** piety under Elyvilon
  3916 | D:5      | Reached skill level 1 in Invocations
  3950 | D:5      | Reached XP level 8. HP: 58/73 MP: 7/9
  4568 | D:4      | Killed Edmund
  4569 | D:4      | Reached skill level 5 in Invocations
  4649 | D:4      | Learned a level 7 spell: Dragon Form
  5295 | D:6      | Reached *** piety under Elyvilon
  5515 | D:7      | Reached XP level 9. HP: 78/79 MP: 13/15
  6266 | D:7      | Reached skill level 10 in Invocations
  7075 | D:8      | Reached **** piety under Elyvilon
  7485 | D:9      | Noticed a troll
  7491 | D:9      | Killed a troll
  7492 | D:9      | Reached XP level 10. HP: 86/86 MP: 19/19
  7787 | D:9      | Noticed a boulder beetle
  7789 | D:9      | Pacified a boulder beetle
  8204 | D:10     | Entered Level 10 of the Dungeon
  8245 | D:10     | Identified the +0 ring mail "Necuz" {rPois rN+ Str+6
                  | Stlth-}
  8275 | D:10     | Noticed a gargoyle
  8296 | D:10     | Killed a gargoyle
  8377 | D:10     | Found a bloodstained altar of Trog.
  8383 | D:10     | Noticed a gargoyle
  8394 | D:10     | Killed a gargoyle
  8833 | D:10     | Found a staircase to the Lair.
  8834 | D:10     | Noticed an oklob plant
  8875 | D:10     | Killed an oklob plant
  8884 | Lair:1   | Entered Level 1 of the Lair of Beasts
  9097 | D:10     | Learned a level 2 spell: Blink
  9288 | D:11     | Found a large runed translucent door.
  9288 | D:11     | Found a large runed translucent door.
  9291 | D:11     | Noticed Megustar's ghost (journeyman GrBe)
  9332 | D:11     | Found a flagged portal.
  9371 | Bailey   | Entered a bailey
  9548 | Bailey   | Reached skill level 1 in Spellcasting
  9548 | Bailey   | Reached skill level 1 in Translocations
  9728 | Bailey   | Got the Catalogue of Dusty Poison
  9734 | Bailey   | Learned a level 1 spell: Sting
  9916 | D:11     | Reached XP level 11. HP: 27/99 MP: 20/20
 10082 | D:11     | Reached skill level 10 in Fighting
 10091 | D:11     | Noticed a red ugly thing
 10097 | D:11     | Pacified a red ugly thing
 10194 | D:11     | Reached skill level 10 in Unarmed Combat
 10703 | D:12     | Noticed a six-headed hydra
 10705 | D:12     | Pacified a six-headed hydra
 10746 | D:12     | Noticed a skeletal warrior
 10752 | D:12     | Noticed a skeletal warrior
 10761 | D:12     | Killed a skeletal warrior
 10770 | D:12     | Noticed a skeletal warrior
 10783 | D:12     | Noticed a skeletal warrior
 10801 | D:12     | Reached skill level 5 in Dodging
 10803 | D:12     | Found a staircase to the Orcish Mines.
 10865 | D:12     | Noticed a deep elf pyromancer
 10868 | D:12     | Killed a deep elf pyromancer
 11465 | Lair:1   | Noticed an eight-headed hydra
 11467 | Lair:1   | Pacified an eight-headed hydra
 12096 | Lair:2   | Found a staircase to the Snake Pit.
 12550 | Lair:2   | Reached XP level 12. HP: 92/107 MP: 21/21
 12573 | Lair:2   | Noticed a six-headed hydra
 12575 | Lair:2   | Pacified a six-headed hydra
 12576 | Lair:2   | Noticed a four-headed hydra
 12577 | Lair:2   | Pacified a four-headed hydra
 12603 | Lair:2   | Found a staircase to the Swamp.
 14136 | Lair:4   | Reached ***** piety under Elyvilon
 14399 | Lair:4   | Noticed a four-headed hydra
 14403 | Lair:4   | Pacified a four-headed hydra
 15207 | Lair:5   | Noticed an eight-headed hydra
 15208 | Lair:5   | Pacified an eight-headed hydra
 15425 | Lair:5   | Got Sutanoj's Almanac of Intoxication and Sinister Rituals
 15483 | Lair:5   | Noticed a four-headed hydra
 15485 | Lair:5   | Pacified a four-headed hydra
 15500 | Lair:5   | Found a runed translucent door.
 15596 | Lair:5   | Noticed Ricalo's ghost (journeyman TrMo)
 15596 | Lair:5   | Identified the +5 trident "Meotoj" {elec, Dex+2}
 16100 | Lair:5   | Noticed a death yak
 16113 | Lair:5   | Killed a death yak
 16136 | Lair:5   | Reached XP level 13. HP: 122/122 MP: 22/22
 16752 | Lair:6   | Entered Level 6 of the Lair of Beasts
 17072 | Lair:6   | Found a staircase to the Slime Pits.
 18232 | Lair:6   | Reached skill level 1 in Shields
 18380 | Lair:6   | Paralysed by a hornet for 1 turns
 19305 | D:12     | Noticed Nessos
 19315 | D:12     | Killed Nessos
 19336 | D:12     | You fall into a shaft and drop 3 floors!
 19336 | D:15     | Entered Level 15 of the Dungeon
 19354 | D:15     | Found Bataen's Antique Weapon Shop.
 19470 | D:13     | Reached skill level 15 in Fighting
 19511 | D:13     | Found Giphynki's Armour Shoppe.
 19512 | D:13     | Found a gate leading to a gauntlet.
 19514 | D:13     | Noticed Sonja
 19516 | D:13     | Noticed Sonja
 19516 | D:13     | Sonja changed into Sonja the fire bat
 19523 | D:13     | Killed Sonja the fire bat
 19534 | D:13     | Bought the +1 pair of boots of Depression {rPois} for 289
                  | gold pieces
 19549 | Gauntlet | Entered a Gauntlet
 19549 | Gauntlet | Found a transporter.
 19549 | Gauntlet | Found a transporter.
 19572 | Gauntlet | Found the +10 tower shield of Ignorance {rN+ Int-4}
 19573 | Gauntlet | Found a transporter.
 19586 | Gauntlet | Found a transporter.
 19602 | Gauntlet | Found a transporter.
 19603 | Gauntlet | Found a transporter.
 19603 | Gauntlet | Found a transporter.
 19605 | Gauntlet | Found a transporter.
 19605 | Gauntlet | Found a transporter.
 19607 | Gauntlet | Noticed a balrug
 19620 | Gauntlet | Found a transporter.
 19633 | Gauntlet | Found a transporter.
 19643 | Gauntlet | Found a transporter.
 19657 | Gauntlet | Found a transporter.
 19678 | Gauntlet | Found a transporter.
 19734 | Gauntlet | Reached XP level 14. HP: 134/135 MP: 23/23
 19809 | Gauntlet | Identified the -4 hat "Awniur" {-Cast Regen+ rCorr Stlth+}
 19898 | Gauntlet | Identified the +6 chain mail of Failure {Harm Str-3 Int+8
                  | Dex+4}
 19981 | D:13     | Noticed Maurice
 19988 | D:13     | Noticed Maurice
 19998 | D:13     | Killed Maurice the scorpion
 20130 | D:13     | Reached skill level 15 in Unarmed Combat
 20292 | D:13     | Reached skill level 1 in Transmutations
 20293 | D:13     | Noticed Josephine
 20310 | D:13     | Killed Josephine
 20335 | D:13     | Found a gate to the Vaults.
 21567 | D:14     | Reached skill level 5 in Transmutations
 21611 | D:14     | Noticed a storm dragon
 21611 | D:14     | Noticed a storm dragon
 21613 | D:14     | Pacified a storm dragon
 21626 | D:14     | Killed a storm dragon
 21627 | D:14     | Reached skill level 5 in Spellcasting
 22364 | D:14     | Identified the +1 leather armour "Byth" {Regen+ Str+4}
 22613 | Orc:1    | Entered Level 1 of the Orcish Mines
 22633 | Orc:1    | Found Katut's Antique Armour Shoppe.
 22644 | Orc:1    | Found Sehycsoe's Weapon Shoppe.
 23168 | Orc:1    | Found Jaqeu's General Store.
 23184 | Orc:1    | Bought a runed cloak for 225 gold pieces
 23184 | Orc:1    | Bought a pair of runed gloves for 225 gold pieces
 23252 | Orc:1    | Found Geukled's Antique Weapon Boutique.
 23305 | Orc:1    | Found Xoerekaoj's Antique Armour Shoppe.
 23632 | Orc:2    | Entered Level 2 of the Orcish Mines
 23716 | Orc:2    | Noticed an orc warlord
 23987 | Orc:2    | Found Giqaem's Antique Armour Boutique.
 24248 | Orc:1    | Killed an orc warlord
 24683 | Orc:2    | Reached XP level 15. HP: 122/141 MP: 25/25
 25216 | Orc:2    | Bought an embroidered hat for 182 gold pieces
 25221 | Orc:2    | Bought a pair of embroidered gloves for 195 gold pieces
 25235 | Orc:2    | Bought a glowing cloak for 195 gold pieces
 25272 | Orc:2    | Found a staircase to the Elven Halls.
 25300 | Orc:2    | Found Qehunuwo's General Store.
 25326 | Orc:2    | Found Diedyim's Antique Weapon Shoppe.
 25570 | Orc:2    | Found Fuptir's Book Shop.
 26235 | D:12     | Noticed Frances
 26255 | D:12     | Killed Frances
 26391 | D:15     | Found Jaahum's Antique Armour Boutique.
 26730 | D:15     | Found a staircase to the Depths.
 27056 | D:15     | Noticed Rupert
 27402 | D:15     | Killed Rupert
 27778 | Depths:1 | Entered Level 1 of the Depths
 28011 | Snake:1  | Entered Level 1 of the Snake Pit
 28413 | Snake:1  | Reached skill level 10 in Transmutations
 28905 | Snake:1  | Learned a level 5 spell: Yara's Violent Unravelling
 29774 | Snake:1  | Reached skill level 10 in Spellcasting
 30028 | Snake:1  | Noticed a quicksilver dragon
 30028 | Snake:1  | a salamander tyrant changed into a quicksilver dragon
 30035 | Snake:1  | Killed a quicksilver dragon
 30387 | Snake:1  | Found Gofu's Weapon Shoppe.
 30398 | Snake:1  | Learned a level 4 spell: Ice Form
 30404 | Snake:1  | Learned a level 5 spell: Manifold Assault
 30417 | Snake:1  | Found a runed translucent gate.
 30417 | Snake:1  | Found a runed translucent gate.
 30417 | Snake:1  | Found a runed translucent gate.
 30418 | Snake:1  | Noticed sn0wgr3's ghost (journeyman MiFi)
 30438 | Snake:1  | Killed sn0wgr3's ghost
 30439 | Snake:1  | Reached XP level 16. HP: 149/149 MP: 30/30
 31759 | Snake:2  | Identified the ring "Zetamm" {rElec rF+ rCorr AC+4 Int-2}
 34381 | Snake:4  | Entered Level 4 of the Snake Pit
 34493 | Snake:4  | Found a flickering gateway to a bazaar.
 34502 | Bazaar   | Entered a bazaar
 34502 | Bazaar   | Found Foon's Antique Armour Shop.
 34502 | Bazaar   | Found Wotod's Antique Weapon Shop.
 34579 | Bazaar   | Found Afofi's General Store.
 34625 | Bazaar   | Bought a potion of haste for 120 gold pieces
 34625 | Bazaar   | Bought a potion of haste for 120 gold pieces
 34883 | Snake:4  | Reached XP level 17. HP: 156/156 MP: 29/33
 36891 | Snake:4  | Reached skill level 15 in Transmutations
 37268 | Snake:4  | Identified 2 scrolls of acquirement
 37274 | Snake:3  | Acquired 429 gold pieces
 37333 | Snake:3  | Acquired 894 gold pieces
 37680 | Snake:4  | Got a serpentine rune of Zot
 37974 | Swamp:1  | Entered Level 1 of the Swamp
 39035 | Swamp:2  | Reached skill level 15 in Spellcasting
 40074 | Swamp:3  | Reached XP level 18. HP: 163/163 MP: 31/37
 40179 | Swamp:4  | Entered Level 4 of the Swamp
 41330 | Swamp:3  | Reached skill level 5 in Translocations
 42260 | Swamp:4  | Got a decaying rune of Zot
 43380 | D:11     | Killed Megustar's ghost
 43381 | D:11     | Reached skill level 10 in Translocations
 43590 | Lair:5   | Killed Ricalo's ghost
 43850 | Vaults:1 | Entered Level 1 of the Vaults
 43942 | Vaults:1 | Noticed Aizul
 43959 | Vaults:1 | Killed Aizul
 44491 | Vaults:1 | Noticed Frederick
 44499 | Vaults:1 | Killed Frederick
 44857 | Vaults:1 | Noticed Saint Roka
 44880 | Vaults:1 | Killed Saint Roka
 44881 | Vaults:1 | Reached XP level 19. HP: 170/170 MP: 33/38
 46016 | Vaults:1 | Reached skill level 15 in Invocations
 46044 | Vaults:1 | Noticed Donald
 46063 | Vaults:1 | Killed Donald
 47196 | Vaults:2 | Found Visem's Distillery.
 47221 | Vaults:2 | Bought a potion of heal wounds for 55 gold pieces
 47221 | Vaults:2 | Bought a potion of resistance for 110 gold pieces
 47221 | Vaults:2 | Bought a potion of haste for 110 gold pieces
 47221 | Vaults:2 | Bought a potion of cancellation for 88 gold pieces
 47221 | Vaults:2 | Bought a potion of brilliance for 44 gold pieces
 47221 | Vaults:2 | Bought 2 potions of flight for 66 gold pieces
 47221 | Vaults:2 | Bought a potion of flight for 33 gold pieces
 47587 | Vaults:2 | Found a staircase to the Crypt.
 47791 | Vaults:2 | Noticed Margery
 47802 | Vaults:2 | Killed Margery
 50215 | Vaults:3 | Reached XP level 20. HP: 182/182 MP: 35/39
 52138 | Vaults:3 | Found Fottufat's Book Shoppe.
 52146 | Vaults:3 | Bought a manual of Air Magic for 1280 gold pieces
 52156 | Vaults:4 | Reached skill level 1 in Air Magic
 52159 | Vaults:4 | Reached skill level 2 in Air Magic
 52165 | Vaults:4 | Reached skill level 3 in Air Magic
 52169 | Vaults:4 | Reached skill level 4 in Air Magic
 52174 | Vaults:4 | Reached skill level 5 in Air Magic
 52387 | Vaults:4 | Reached skill level 6 in Air Magic
 52518 | Vaults:4 | Noticed Mara
 52527 | Vaults:4 | Killed Mara
 52528 | Vaults:4 | Reached skill level 7 in Air Magic
 52535 | Vaults:4 | Reached skill level 8 in Air Magic
 52852 | Vaults:4 | Reached skill level 9 in Air Magic
 53100 | Vaults:4 | Reached skill level 10 in Air Magic
 53271 | Vaults:4 | Reached skill level 11 in Air Magic
 53493 | Vaults:4 | Reached skill level 12 in Air Magic
 53789 | Vaults:4 | Paralysed by a sphinx for 3 turns
 54071 | Vaults:4 | Reached skill level 13 in Air Magic
 54192 | Vaults:4 | Found a transporter.
 54237 | Vaults:4 | Found a transporter.
 54289 | Vaults:4 | Noticed a golden dragon
 54306 | Vaults:4 | Killed a golden dragon
 54307 | Vaults:4 | Reached skill level 15 in Air Magic
 54443 | Vaults:4 | Identified the amulet "Bist" {-Tele rPois Will++ Regen+}
 54476 | Vaults:4 | Got Pemyrghiy's Handbook of the Blaze and Necromancy
 54482 | Vaults:4 | Identified the ring of Spite {rElec Will++ rCorr Str+6
                  | Dex-2}
 54497 | Vaults:4 | Learned a level 3 spell: Ozocubu's Armour
 54506 | Vaults:4 | Learned a level 8 spell: Maxwell's Capacitive Coupling
 54876 | Depths:1 | Found an iron altar of Okawaru.
 54970 | Depths:1 | Reached XP level 21. HP: 192/192 MP: 40/40
 55037 | Depths:1 | Reached skill level 16 in Air Magic
 55362 | Depths:1 | Found Mipp's Jewellery Shoppe.
 55363 | Depths:1 | Found Huups's Book Shop.
 55363 | Depths:1 | Found Raraxam's Book Shop.
 55370 | Depths:1 | Bought an amulet of regeneration for 450 gold pieces
 55392 | Depths:1 | Learned a level 1 spell: Apportation
 55397 | Depths:1 | Learned a level 4 spell: Airstrike
 55686 | Depths:1 | Found a gateway to a ziggurat.
 56599 | Depths:1 | Found a gateway to Hell.
 56655 | Depths:1 | Reached skill level 17 in Air Magic
 57054 | Depths:1 | Found a white marble altar of Elyvilon.
 57628 | Depths:2 | Found a glowing golden altar of the Shining One.
 57763 | Depths:2 | Found a one-way gate to the infinite horrors of the Abyss.
 58107 | Depths:2 | Noticed a golden dragon
 58112 | Depths:2 | Killed a golden dragon
 58118 | Depths:2 | Reached skill level 18 in Air Magic
 58281 | Depths:2 | Learned a level 6 spell: Conjure Ball Lightning
 58294 | Depths:2 | Found a one-way gate leading to the halls of Pandemonium.
 58639 | Depths:2 | Noticed a golden dragon
 58647 | Depths:2 | Killed a golden dragon
 58788 | Depths:2 | Noticed a golden dragon
 58794 | Depths:2 | Killed a golden dragon
 59149 | Depths:3 | Reached XP level 22. HP: 200/200 MP: 36/44
 59822 | Depths:3 | Found Apsalot's Neck Hole.
 60287 | Depths:3 | Found an ornate altar of the Wu Jian Council.
 60657 | Depths:3 | Reached skill level 19 in Air Magic
 60839 | Depths:3 | Identified the +0 plate armour of Cowardice {Int+2 Dex+4}
 61007 | Depths:4 | Entered Level 4 of the Depths
 61007 | Depths:4 | Noticed a juggernaut
 61023 | Depths:3 | Killed a juggernaut
 61281 | Depths:4 | Noticed a golden dragon
 61438 | Depths:3 | Killed a golden dragon
 61840 | Depths:4 | Found a gate to the Realm of Zot.
 61840 | Depths:4 | Noticed a golden dragon
 61851 | Depths:4 | Killed a golden dragon
 61856 | Depths:4 | Reached skill level 20 in Air Magic
 62222 | Depths:4 | HP: 7/300 [something (18)]
 62223 | Depths:4 | Killed from afar by a white draconian knight

Illustrated notes

Levels and vault maps discovered:
D:1:      wheals_arrival_linesprint, layout_basic, serial_shops, shop,
          ebering_ecumenical_altar_rust
D:2:      layout_basic, hangedman_decor_points, minmay_split_cup_large
D:3:      layout_loops_cross, minmay_surrounded
D:4:      layout_cave_pods, grunt_decor_junction, minivault_1, uniq_edmund
D:5:      layout_cave_pods, minmay_temple_entry_hall, kennysheep_generic_room_7,
          uniq_duvessa
D:6:      layout_rooms
D:7:      layout_basic
D:8:      layout_gridville
D:9:      layout_long_grid, minmay_diced_spiral
D:10:     layout_loops_corners, lemuel_tele_altar, dpeg_oklobed_lair,
          hangedman_abyss_or_decor_jellyfish_corner
D:11:     layout_gridville, ebering_ghost_disaster_area, enter_bailey_8
D:12:     layout_basic, orc_0_dummy, uniq_frances, uniq_nessos
D:13:     layout_basic, gauntlet_entry_generic, serial_shops, shop,
          uniq_josephine, uniq_maurice, uniq_sonja
D:14:     nzn_winding_woodlands_cross [nzn_winding_woodlands_5x15_garden,
          nzn_winding_woodlands_5x15_pool, nzn_winding_woodlands_5x15_parted,
          nzn_winding_woodlands_5x15_lazy_stream,
          nzn_winding_woodlands_15x15_boxy_spiral], layout_stronghold,
          serial_park_square3 [serial_park_minivault_5x5_6],
          minmay_misc_feat_chi
D:15:     grunt_enter_depths_giant_problem, layout_layer_cave, serial_shops,
          shop, nicolae_shop_stone, minmay_misc_feat_hallway, uniq_rupert
Temple:   dpeg_three_leaves_temple
Lair:1:   layout_misc_corridors
Lair:2:   layout_cave_pods, palyth_hydra_swamp_entry,
          minmay_snake_entry_guardpost_medium
Lair:3:   layout_roguey
Lair:4:   layout_gridlike, roderic_carrion_pond
Lair:5:   layout_cave_pods, ebering_ghost_funeral_grove, serial_bayou_lagoon_a,
          evilmike_ambush [evilmike_ambush_outer_basic,
          evilmike_ambush_inner_pond], grunt_megastairs_4, lemuel_fruit_tree
Lair:6:   minmay_lair_end_enchanted_forest, layout_regular_city,
          minmay_slime_entry_oklob_enclosed, st_stairs_8,
          infiniplex_staircase_pool
Swamp:1:  layout_basic_swamp, evilmike_swamp_ruin_house_1,
          infiniplex_staircase_pool_2
Swamp:2:  nicolae_swamp_wrong_neighborhood, layout_basic_swamp,
          evilmike_swamp_ruin_house_6, hangedman_swamp_phenomena
Swamp:3:  nicolae_swamp_flooded_prison, layout_basic_swamp,
          evilmike_swamp_ruin_house_5, swamp_pool4, st_swamp_ruins_2
Swamp:4:  swamp, layout_basic_swamp, swamp_pool4, nicolae_swamp_snake_nest
Snake:1:  cheibrodos_snake_ritualist_ritual, layout_layer_cave,
          gammafunk_ghost_necromancy, serial_shops, nicolae_take_the_stairs,
          nicolae_snake_salamander_fort
Snake:2:  layout_basic, special_room
Snake:3:  onia_ninara_swampy_vault, layout_basic, minmay_snake_pond
Snake:4:  johnstein_snake_rune_scales, layout_basic, serial_shops,
          bzr_entry_islet, grunt_megastairs_3
Orc:1:    layout_caves, serial_shops, nicolae_shop_behind_doors,
          nicolae_shop_statue_plus, nicolae_shop_crystal, nicolae_shop_trees,
          shop
Orc:2:    grunt_orc_gardens, layout_caves, grunt_orc_garden, grunt_orc_garden,
          grunt_orc_garden, grunt_orc_garden
Vaults:1: hangedman_vaults_corner, hangedman_vaults_capsules,
          nicolae_vaults_network_square, grunt_vaults_hallway_short, v_misc_17,
          hangedman_vaults_pinch, ontoclasm_vaults_eye, sword_in_stone,
          nicolae_vaults_little_ls, vaults_mumra_lcd, layout_vaults_omnicross,
          uniq_saint_roka, uniq_aizul, uniq_donald
Vaults:2: nicolae_vaults_shelves_hall, minmay_crypt_entry_simple_corners,
          nicolae_vaults_three_branches, vaults_mumra_chevron_long,
          nicolae_vaults_mini_display_case, vaults_room_fancy_cross,
          st_spiral_rooms, grunt_vaults_hallway_short,
          nicolae_vaults_little_squares_3, layout_vaults_quadrants,
          serial_shops, shop, uniq_margery
Vaults:3: nicolae_vaults_big_ls, nicolae_vaults_disjoint_gnomons, v_rooms_2,
          v_misc_12, hangedman_vaults_corner_blocks,
          vaults_standard_mumra_enter_the_diamond, vaults_room_large_hall,
          nicolae_vaults_hallways_thing, v_misc_29, st_diamondy,
          grunt_vaults_diagonal, vaults_dpeg_encased_lava, v_misc_16,
          layout_vaults_omnibox, serial_shops, nicolae_square_shop
Vaults:4: v_rooms_6, v_alt_pattern_1, v_pattern_3,
          nicolae_vaults_network_quinsquares
          [nicolae_vaults_network_quincunx_subvault,
          nicolae_vaults_network_quincunx_subvault,
          nicolae_vaults_network_quincunx_subvault,
          nicolae_vaults_network_quincunx_subvault], v_misc_31,
          grunt_vaults_funnel, hangedman_vaults_locks,
          nicolae_vaults_little_squares_3, grunt_vaults_focal,
          nicolae_vaults_little_squares_3, nicolae_vaults_little_squares_3,
          ontoclasm_vaults_ring_large, gammafunk_dig_for_victory,
          layout_vaults_maze_bifur, uniq_mara
Depths:1: layout_gridville, enter_ziggurat_e, elyvilon_altar_5,
          grunt_hell_horde, chequers_serial_rivers_large_b, okawaru_gym_becter,
          minmay_shop_grove
Depths:2: minmay_nested_s, layout_cave_pools, rand_demon_pan_entry_1,
          tso_metal_star, hangedman_abyss_entry_splay,
          pf_vacation_house_of_asmodeus
Depths:3: minmay_skeleton_keep, layout_gridlike, hell_entry,
          nzn_wu_jian_council_hall, abyss_entry,
          nicolae_shop_sticking_my_neck_out
Depths:4: grunt_zot_entry_funnels, layout_cave_shapes, hellmouth_1,
          minmay_misc_feat_cross, rand_demon_pan_entry_5, serial_bayou_shore_b

Skill      XL: |  1  2  3  4  5  6  7  8  9 10 11 12 13 14 15 16 17 18 19 20 21 22 |
---------------+-------------------------------------------------------------------+-----
Fighting       | 4 5 6 7 9 10 13 15 16 17 | 17.4
Unarmed Combat | 4 5 6 9 10 12 14 15 16 17 | 17.1
Evocations     | 4 |  4.0
Invocations    | 2 8 12 13 16 | 16.0
Spellcasting   | 1 6 10 12 15 18 19 | 19.8
Translocations | 2 10 | 10.0
Dodging        | 8 |  8.3
Shields        | 4 |  4.0
Transmutations | 7 11 14 15 16 | 16.0
Air Magic      | 15 18 20 | 20.0
Stealth        | |  1.7

Action                   |  1- 3 |  4- 6 |  7- 9 | 10-12 | 13-15 | 16-18 | 19-21 | 22-24 || total
-------------------------+-------+-------+-------+-------+-------+-------+-------+-------++-------
Melee: Unarmed           |   123 |   112 |   259 |   575 |  1049 |   976 |   997 |   339 ||  4430
       Tailslap          |    15 |    11 |    41 |    97 |   198 |   120 |   137 |    70 ||   689
       Punch             |     3 |     1 |    10 |    44 |    18 |    63 |   101 |    31 ||   271
       Bite              |       |       |       |       |    17 |   101 |   116 |    54 ||   288
Throw: Dart              |       |       |       |     3 |    21 |     1 |       |       ||    25
       Throwing net      |       |       |       |       |       |     1 |       |       ||     1
 Cast: Dragon Form       |       |       |       |       |    13 |    85 |    86 |    26 ||   210
       Manifold Assault  |       |       |       |       |       |     6 |    38 |     2 ||    46
       Airstrike         |       |       |       |       |       |       |     4 |     1 ||     5
       Maxwell's Capacit |       |       |       |       |       |       |     2 |     3 ||     5
       Ozocubu's Armour  |       |       |       |       |       |       |     1 |     1 ||     2
       Blink             |       |       |       |       |       |       |     1 |       ||     1
       Conjure Ball Ligh |       |       |       |       |       |       |       |    16 ||    16
Invok: Lesser Healing    |       |       |    23 |    91 |   147 |    64 |    33 |     2 ||   360
       Heal Other        |       |       |     1 |    14 |    34 |     7 |     2 |       ||    58
       Purification      |       |       |     1 |     4 |     9 |     4 |     2 |     1 ||    21
       Greater Healing   |       |       |       |       |     3 |     6 |     3 |     4 ||    16
 Abil: Breathe Steam     |       |       |    48 |    88 |   107 |     7 |     1 |       ||   251
       End Transformatio |       |       |       |       |       |     1 |     1 |       ||     2
Evoke: Wand              |       |       |    11 |    21 |    69 |    17 |    21 |     2 ||   141
       Lightning rod     |       |       |       |     9 |    14 |     4 |     3 |       ||    30
       Phantom mirror    |       |       |       |       |     4 |     1 |     1 |       ||     6
       Phial of floods   |       |       |       |       |     1 |       |       |       ||     1
  Use: Scroll            |       |     4 |     5 |    15 |    19 |     6 |    10 |     1 ||    60
       Potion            |       |     4 |     1 |     1 |    10 |       |       |       ||    16
 Stab: Sleeping          |     3 |       |     2 |     2 |       |     3 |       |       ||    10
       Paralysed         |       |       |     7 |    29 |    13 |     1 |       |       ||    50
       Petrified         |       |       |       |       |     1 |       |       |       ||     1
       Distracted        |       |       |       |       |     1 |       |     1 |       ||     2
Armor: Skin              |    37 |    34 |   110 |   196 |   343 |   418 |   460 |   225 ||  1823
Dodge: Dodged            |    87 |    65 |   165 |   411 |   589 |   579 |   428 |   183 ||  2507
Block: Buckler           |       |       |       |       |   296 |    18 |    10 |     1 ||   325

Table legend: (Time is in decaauts)
 A = Elapsed time spent in this place.
 B = Non-inter-level travel time spent in this place.
 C = Inter-level travel time spent in this place.
 D = Time resting spent in this place.
 E = Time spent auto-exploring this place.
 F = Levels seen in this place.
 G = Mean time per level.
                   A        B        C        D        E       F      G
               +--------+--------+--------+--------+--------+-----+--------+
         Total |  61513 |  58599 |   2914 |  11666 |  33023 |  43 | 1430.5 |
       Dungeon |  16442 |  15372 |   1070 |   2147 |   9019 |  15 | 1096.1 |
        Temple |     16 |     16 |      0 |      0 |      0 |   1 |   16.0 |
          Lair |   8990 |   8229 |    761 |    718 |   5538 |   6 | 1498.3 |
         Swamp |   5283 |   5096 |    187 |    827 |   3008 |   4 | 1320.8 |
     Snake Pit |   9028 |   8811 |    217 |   2243 |   4491 |   4 | 2257.0 |
  Orcish Mines |   3074 |   2913 |    161 |   1188 |   1100 |   2 | 1537.0 |
        Vaults |  10659 |  10386 |    273 |   2730 |   6002 |   4 | 2664.8 |
        Depths |   7129 |   6887 |    242 |   1744 |   3528 |   4 | 1782.2 |
        Bazaar |    143 |    143 |      0 |      0 |    100 |   1 |  143.0 |
        Bailey |    378 |    378 |      0 |     20 |     98 |   1 |  378.0 |
      Gauntlet |    366 |    366 |      0 |     48 |    137 |   1 |  366.0 |
               +--------+--------+--------+--------+--------+-----+--------+

Top non-repeatable levels by time:
Vaults:1: 3164 daAuts
 Snake:3: 3004 daAuts
 Snake:1: 2888 daAuts
Vaults:2: 2780 daAuts
Vaults:3: 2443 daAuts
Depths:1: 2357 daAuts
Vaults:4: 2271 daAuts
Depths:3: 2170 daAuts
 Swamp:3: 2154 daAuts
  Lair:2: 2145 daAuts
 Snake:4: 2140 daAuts
   Orc:1: 2027 daAuts
  Lair:6: 2009 daAuts
Depths:2: 1955 daAuts
  Lair:5: 1745 daAuts
